 Dungeon Crawl Stone Soup version 0.23-a0-301-g9da9e51 (webtiles) character file.

29 Amnesiac the Digger (level 3, -14/31 HPs)
             Began as a Troll Earth Elementalist on Oct 7, 2018.
             Was a Follower of Vehumet.
             Demolished by an ogre
             ... wielding a +0 giant club
              (15 damage)
             ... on level 2 of the Dungeon.
             The game lasted 00:02:41 (1030 turns).

Amnesiac the Digger (Troll Earth Elementalist)      Turns: 1030, Time: 00:02:42

Health: -14/31     AC:  6    Str: 16    XL:     3   Next: 1%
Magic:  0/5        EV:  9    Int: 12    God:    Vehumet [*.....]
Gold:   123        SH:  0    Dex: 10    Spells: 3/6 levels left

rFire    . . .     SeeInvis .   i - +0 dagger (drain)
rCold    . . .     Gourm    +   (no shield)
rNeg     . . .     Faith    .   c - +1 robe
rPois    .         Spirit   .   (helmet restricted)
rElec    .         Reflect  .   (no cloak)
rCorr    .         Harm     .   (gloves unavailable)
MR       +....     Rnd*Tele +   (boots unavailable)
Stlth    +.........             (no amulet)
HPRegen  0.50/turn              h - ring of protection from magic
MPRegen  0.09/turn              m - ring of teleportation (curse)

@: very slightly contaminated, drained
A: large, unfitting armour, claws 3, fast metabolism 3, gourmand, regeneration
1, shaggy fur 1, tough skin 2
a: Renounce Religion


You were on level 2 of the Dungeon.
You worshipped Vehumet.
Vehumet was aware of your devotion.
You were completely stuffed.

You visited 1 branch of the dungeon, and saw 2 of its levels.

You collected 123 gold pieces.

Inventory:

Hand Weapons
 i - a +0 dagger of draining (weapon)
Missiles
 b - 103 stones (quivered)
Armour
 c - a +1 robe (worn)
Jewellery
 h - a ring of protection from magic (left claw)
 m - a cursed ring of teleportation (right claw)
Potions
 a - a potion of lignification {!q, unknown}
 e - a potion of ambrosia {!q, unknown}
 f - a potion of haste {!q, unknown}
 g - a potion of invisibility {!q, unknown}
 k - a potion of flight {!q}
Comestibles
 d - 8 rations
 j - 3 chunks of flesh


   Skills:
 - Level 1.5(1.0) Dodging
 - Level 1.0(0.5) Stealth
 + Level 2.2(1.7) Spellcasting
 - Level 0.6(0.1) Transmutations
 - Level 2.6(2.2) Earth Magic


You had 3 spell levels left.
You knew the following spells:

 Your Spells              Type           Power        Failure   Level  Hunger
a - Sandblast             Erth           #.....       12%         1    ##.....
b - Passwall              Tmut/Erth      #.......     26%         2    ###....

Your spell library contained the following spells:

 Spells                   Type           Power        Failure   Level  Hunger
 Shock                    Conj/Air       #...         28%         1    ##.....
 Stone Arrow              Conj/Erth      #.....       47%         3    ####...
 Petrify                  Tmut/Erth      #.......     86%         4    #####..
 Lee's Rapid Deconstruct  Erth           #.........   97%         5    ######.


Dungeon Overview and Level Annotations

Branches:
Dungeon (2/15)

Altars:
Vehumet


Innate Abilities, Weirdness & Mutations

You are too large for most types of armour.
You have claws for hands.
Your metabolism is lightning-fast.
You like to eat raw meat.
Your natural rate of healing is unusually fast.
You are covered in fur. (AC +1)
You have very tough skin. (AC +2)


Message History

Confirm with . or Enter, or press ? or * to list all spells.
You can't see any susceptible monsters within range! (Use Z to cast anyway.)
Casting: Sandblast (safe; 12% risk of failure)
Confirm with . or Enter, or press ? or * to list all spells.
You can't see any susceptible monsters within range! (Use Z to cast anyway.)
Casting: Sandblast (safe; 12% risk of failure)
Confirm with . or Enter, or press ? or * to list all spells.
You can't see any susceptible monsters within range! (Use Z to cast anyway.)
Casting: Sandblast (safe; 12% risk of failure)
Confirm with . or Enter, or press ? or * to list all spells.
You can't see any susceptible monsters within range! (Use Z to cast anyway.)
Casting: Sandblast (safe; 12% risk of failure)
Confirm with . or Enter, or press ? or * to list all spells.
You can't see any susceptible monsters within range! (Use Z to cast anyway.)
Casting: Sandblast (safe; 12% risk of failure)
Confirm with . or Enter, or press ? or * to list all spells.
You can't see any susceptible monsters within range! (Use Z to cast anyway.)
Casting: Sandblast (safe; 12% risk of failure)
Confirm with . or Enter, or press ? or * to list all spells.
Aiming: Sandblast (safe; 12% risk of failure)
Press: ? - help, Shift-Dir - straight line, f - ogre
Aim: an ogre, wielding a giant club You miscast Sandblast.
You are very lightly contaminated with residual magic.
Nothing appears to happen.
Casting: Sandblast (safe; 12% risk of failure)
Confirm with . or Enter, or press ? or * to list all spells.
Aiming: Sandblast (safe; 12% risk of failure)
Press: ? - help, Shift-Dir - straight line, f/p - ogre
Aim: an ogre, wielding a giant club The blast of sand hits the ogre.
The ogre is lightly wounded.
b - 106 stones
Casting: Sandblast (safe; 12% risk of failure)
Confirm with . or Enter, or press ? or * to list all spells.
Aiming: Sandblast (safe; 12% risk of failure)
Press: ? - help, Shift-Dir - straight line, f/p - ogre
Aim: an ogre, wielding a giant club (lightly wounded)
The blast of sand hits the ogre.
The ogre is moderately wounded.
b - 105 stones The ogre hits you with a giant club!
Casting: Sandblast (safe; 12% risk of failure)
Confirm with . or Enter, or press ? or * to list all spells.
Aiming: Sandblast (safe; 12% risk of failure)
Press: ? - help, Shift-Dir - straight line, f/p - ogre
Aim: an ogre, wielding a giant club (moderately wounded)
The blast of sand hits the ogre.
The ogre is heavily wounded.
b - 104 stones The ogre hits you with a giant club!
Ouch! That really hurt!
* * * LOW HITPOINT WARNING * * *
Unknown command.
Casting: Sandblast (safe; 12% risk of failure)
Confirm with . or Enter, or press ? or * to list all spells.
Aiming: Sandblast (safe; 12% risk of failure)
Press: ? - help, Shift-Dir - straight line, f/p - ogre
Aim: an ogre, wielding a giant club (heavily wounded)
The blast of sand hits the ogre.
The ogre is severely wounded.
b - 103 stones The ogre hits you with a giant club!
You die...

. . .. #..........
#.#O##.#
#..........
#.#.#..#
#..........
#......#
###.#.....#
#...#..# #........
#...#..# #.....#..
#......# #.....#..
....#..O.#
#.....#.. ##
###@.# #........
##.#######........
#................
###...#..........
#..............
##.............
##.....#######
####### # #


You could see an ogre.

Vanquished Creatures
  A leopard gecko (D:1)
  4 giant cockroaches
  5 goblins
  4 hobgoblins (D:1)
  3 kobolds (D:1)
  2 bats (D:1)
  A frilled lizard (D:1)
  4 rats
24 creatures vanquished.

Vanquished Creatures (others)
  An ooze (D:2)
1 creature vanquished.

Grand Total: 25 creatures vanquished

Notes
Turn   | Place    | Note
-------+----------+-------------------------------------------
     0 | D:1      | Amnesiac the Troll Earth Elementalist began the quest for
                  | the Orb.
     0 | D:1      | Reached XP level 1. HP: 16/16 MP: 1/1
    94 | D:2      | Found a radiant altar of Vehumet.
   178 | D:2      | Became a worshipper of Vehumet
   342 | D:1      | Reached XP level 2. HP: 24/24 MP: 3/3
   951 | D:2      | Learned a level 2 spell: Passwall
  1004 | D:2      | Reached * piety under Vehumet
  1004 | D:2      | Offered knowledge of Shock by Vehumet.
  1004 | D:2      | Reached XP level 3. HP: 31/31 MP: 5/5
  1019 | D:2      | Noticed an ogre
  1029 | D:2      | HP: 1/31 [ogre/giant club (16)]
  1030 | D:2      | Demolished by an ogre

Vault maps used:
D:1:      lightli_molten_gateway, minivault_25
D:2:      lemuel_upstairs_altar, fiery_altar_vehumet

Skill      XL: |  1  2 |
---------------+-------+-----
Spellcasting   | 2 |  2.2
Dodging        | |  1.5
Stealth        | |  1.0
Transmutations | |  0.6
Earth Magic    | |  2.6

Action                   || total
-------------------------++-------
Melee: Unarmed           ||    49
       Dagger            ||    31
 Cast: Sandblast         ||     5
  Use: Scroll            ||     4
 Stab: Sleeping          ||     1
  Eat: Chunk             ||    15
Armor: Robe              ||    38
Dodge: Dodged            ||    40

Table legend:
 A = Non-vault XP
 B = Vault XP
 C = Vault XP percentage of total XP
 D = Non-vault monster count
 E = Vault monster count
 F = Vault count percentage of total count
                 A         B        C        D         E       F
            +---------+---------+-------+---------+---------+-------
      Total |      42 |       0 |   0.0 |      24 |       0 |   0.0
            +---------+---------+-------+---------+---------+-------
        D:1 |      35 |       0 |   0.0 |      20 |       0 |   0.0
        D:2 |       7 |       0 |   0.0 |       4 |       0 |   0.0
            +---------+---------+-------+---------+---------+-------
